 Dungeon Crawl Stone Soup version 0.30-a0-50-gb2d611f6b1 (webtiles) character file.

Game seed: 16027012581634532427

61075 timneilson the Protected (level 15, -3/92 HPs)
             Began as a Gargoyle Fighter on Sept 3, 2022.
             Was a High Priest of Okawaru.
             Slain by a two-headed ogre
             ... wielding a +0 giant club
              (6 damage)
             ... on level 1 of the Orcish Mines.
             The game lasted 01:02:19 (24517 turns).

timneilson the Protected (Gargoyle Fighter)        Turns: 24517, Time: 01:02:20

Health: -3/92      AC: 39    Str: 38    XL:     15   Next: 1%
Magic:  20/22      EV: 16    Int: 12    God:    Okawaru [*****.]
Gold:   1569       SH: 24    Dex:  9    Spells: 14/14 levels left

rFire   . . .      SeeInvis .    h - +7 double sword of Wyrd {vorpal, Str+4}
rCold   . . .      Faith    .    H - +0 tower shield
rNeg    + + .      Spirit   .    o - +3 chain mail of the Slightly Bent {Str+5 Int+4}
rPois   ∞          Reflect  +    M - +2 helmet {Int+3}
rElec   +          Harm     .    Q - +0 cloak of Peek-a-Boo {rElec rN+ Regen+ Int-5}
rCorr   +          Rampage  .    T - +0 pair of gloves {Str+3}
Will    +....                    S - +1 pair of boots
Stlth   +.........               i - amulet of reflection
HPRegen 1.05/turn                k - +4 ring of evasion
MPRegen 0.18/turn                f - ring of resist corrosion

@: heroic, flying, hasted, studying 2 skills, very quick
A: sickness immunity, AC +11, big wings, negative energy resistance 1,
electricity resistance, torment resistance 1, petrification resistance
a: Renounce Religion, Heroism, Finesse, Duel


You were on level 1 of the Orcish Mines.
You worshipped Okawaru.
Okawaru was extremely pleased with you.
You visited 4 branches of the dungeon, and saw 19 of its levels.
You also visited: Gauntlet and Ice Cave.

You collected 1751 gold pieces.
You spent 182 gold pieces at shops.

Inventory:

Hand Weapons
 h - the +7 double sword of Wyrd (weapon) {vorpal, Str+4}
   (Okawaru gifted it to you in an ice cave)

   It inflicts extra damage upon your enemies.
   Str:       It affects your strength (+4).
 t - a +0 scimitar of electrocution
 E - a +1 long sword of flaming
Armour
 o - the +3 chain mail of the Slightly Bent (worn) {Str+5 Int+4}
   (You found it on level 5 of the Dungeon)

   Str:       It affects your strength (+5).
   Int:       It affects your intelligence (+4).
 H - a +0 tower shield (worn)
 M - a +2 helmet of intelligence (worn)
 Q - the +0 cloak of Peek-a-Boo (worn) {rElec rN+ Regen+ Int-5}
   (You found it in a Gauntlet)

   Int:       It affects your intelligence (-5).
   rElec:     It insulates you from electricity.
   rN:        It protects you from negative energy.
   Regen:     It increases your rate of health regeneration.
 S - a +1 pair of boots (worn)
 T - a +0 pair of gloves of strength (worn)
Jewellery
 f - a ring of resist corrosion (right hand)
 i - an amulet of reflection (around neck)
 j - a ring of ice
 k - a +4 ring of evasion (left hand)
 C - a ring of fire
 I - the ring of Enkonose {Fly Stlth+}
   (You found it on level 2 of the Lair of Beasts)

   [ring of flight]

   Fly:       It grants you flight.
   Stlth:     It makes you more stealthy.
 J - an amulet of regeneration
 N - a +4 ring of protection
 W - a ring of protection from fire
 Y - a ring of see invisible
Wands
 m - a wand of acid (4)
 y - a wand of roots (19)
 A - a wand of flame (29)
 L - a wand of mindburst (9)
Scrolls
 b - a scroll of magic mapping
 d - 4 scrolls of teleportation
 u - 4 scrolls of identify
 v - 7 scrolls of fog
 w - 4 scrolls of enchant armour
 D - 4 scrolls of enchant weapon
 K - 5 scrolls of fear
 P - a scroll of brand weapon
 V - a scroll of poison
Potions
 c - 4 potions of mutation
 l - 2 potions of cancellation
 q - a potion of haste
 r - 5 potions of ambrosia
 s - 6 potions of invisibility
 x - 6 potions of curing
 B - 3 potions of resistance
 G - 2 potions of might
 O - 2 potions of berserk rage
Miscellaneous
 U - a lightning rod (4/4)


   Skills:
 + Level 9.9(14.9) Fighting
 * Level 11.2(16.2) Long Blades
 * Level 13.5(18.5) Armour
 + Level 7.1(12.1) Dodging
 + Level 5.4(10.4) Stealth
 * Level 13.5(18.5) Shields
 + Level 9.7 Invocations
 + Level 6.8 Evocations


You had 14 spell levels left.
You didn't know any spells.
Your spell library contained the following spells:

 Spells                   Type           Power      Damage    Failure   Level
 Apportation              Tloc           0%         N/A       88%         1
 Beastly Appendage        Tmut           0%         N/A       88%         1
 Sting                    Tmut/Pois      0%         1d3       88%         1
 Poisonous Vapours        Pois/Air       0%         N/A       96%         2
 Wereblood                Tmut           0%         N/A       96%         2
 Conjure Flame            Conj/Fire      0%         6-21      99%         3
 Gell's Gravitas          Tloc           0%         N/A       99%         3
 Ignite Poison            Fire/Tmut/Pois 0%         N/A       99%         3
 Ozocubu's Armour         Ice            0%         N/A       99%         3
 Spider Form              Tmut/Pois      0%         N/A       99%         3
 Teleport Other           Tloc           0%         N/A       99%         3
 Olgreb's Toxic Radiance  Pois           0%         N/A       100%        4
 Sticky Flame             Conj/Fire      0%         2d3       100%        4
 Alistair's Intoxication  Tmut/Pois      0%         N/A       100%        5
 Dispersal                Tloc           0%         N/A       100%        6
 Ozocubu's Refrigeration  Ice            0%         4d7       100%        7
 Storm Form               Tmut/Air       0%         N/A       100%        7
 Maxwell's Capacitive Co  Air            0%         ∞         100%        8
 Sublimation of Blood     Necr           Unusable   N/A       N/A         2
 Summon Lightning Spire   Summ/Air       Unusable   N/A       N/A         4
 Summon Hydra             Summ           Unusable   N/A       N/A         7

Dungeon Overview and Level Annotations

Branches:
Dungeon (11/15)            Temple (1/1) D:7            Lair (5/5) D:9
 Shoals (0/4) Lair:2       Spider (0/4) Lair:3        Slime (0/5) Lair:5
    Orc (2/2) D:9           IceCv (visited)         Gauntlet (visited)
    Elf: Orc:2

Altars:
Cheibriados
Elyvilon
Fedhas
Gozag
Hepliaklqana
Kikubaaqudgha
Makhleb
Nemelex Xobeh
Okawaru
Qazlal
Ru
Sif Muna
Trog
Uskayaw
Vehumet
Xom

Shops:
D:2 [   D:7 :   Orc:2 *

Annotations:
D:10 2 runed translucent doors, timneilson's ghost, novice GrFi


Innate Abilities, Weirdness & Mutations

You are immune to sickness and miasma.
Your stone body is resilient. (AC +11)
You are immune to poison.
Your large and strong wings let you fly.
You resist negative energy. (rN+)
You are resistant to electric shocks. (rElec)
You are resistant to unholy torment.
You are immune to petrification.


Message History

You hear some strange, mumbled words.
A bolt of magma appears from out of thin air!
The bolt of magma hits you but does no damage.
The two-headed ogre hits you but does no damage. x2
The two-headed ogre hits you with a +0 dire flail!
* * * LOW HITPOINT WARNING * * *
The two-headed ogre hits you but does no damage.
Something hits you but does no damage.
You can move again.
The two-headed ogre barely misses you. The two-headed ogre closely misses you.
The two-headed ogre misses you. The two-headed ogre closely misses you.
You hear some strange, mumbled words.
The two-headed ogre seems to speed up.
You fly upwards.
Reactivating autopickup.
There is a stone staircase leading down here.
The two-headed ogre attacks as you move away!
You block the two-headed ogre's attack. x2
Items here: )))) [ †.
The two-headed ogre attacks as you move away!
You block the two-headed ogre's attack.
The two-headed ogre hits you but does no damage.
The two-headed ogre attacks as you move away!
The two-headed ogre misses you. You block the two-headed ogre's attack.
You gain the combat prowess of a mighty hero.
You block the two-headed ogre's attack. x2
You slice the two-headed ogre!!
The two-headed ogre is heavily wounded.
You block the two-headed ogre's attack. The two-headed ogre barely misses you.
You slash the two-headed ogre!
The two-headed ogre is almost dead.
The two-headed ogre hits you with a +0 giant club!
* * * LOW HITPOINT WARNING * * *
You block the two-headed ogre's attack. x2
The two-headed ogre hits you with a +0 giant spiked club!
* * * LOW HITPOINT WARNING * * *
Okay, then.
You feel yourself speed up.
The two-headed ogre hits you with a +0 giant club.
You die...

>...##...## ###....#
...##.....#####.....##
....#....#.#.#.......#
.......)#.....#.....##
.>.....#.....###...#.##
......#).......#......#
......#.[.............##
..#....#.....#.........#
..)#)[#........#@.....#########
....##[........O#O..#....##.#.##
#...###.#....)))...............#
#...##...#...)>)...#........#.##
##.####......#[)....#...#..^.##
### #...........#.##..#....####
##........).............##.##
#...##......)......#...##...#
##.#####................#..##


You could see 2 two-headed ogres.

Vanquished Creatures
  A reaper (IceCv)
  A minotaur (Gauntlet)
  5 hydras
  A boulder beetle (Orc:1)
  2 ogre magi
  9 two-headed ogres
  The ghost of IdlyInterested the Carver, a novice DsGl (Lair:1)
  A hell hog (Gauntlet)
  Sonja (Lair:3)
  An orb spider (Lair:3)
  2 wizards (Gauntlet)
  2 lindwurms (Lair:5)
  An ugly thing (D:11)
  A wolf spider (Lair:5)
  An orc knight (Orc:1)
  An orc sorcerer (Orc:2)
  A guardian serpent (Lair:5)
  An ice statue (IceCv)
  12 black mambas
  14 cane toads
  5 rime drakes
  An unseen horror (D:10)
  2 anaconda simulacra (IceCv)
  7 komodo dragons
  4 trolls
  3 hornets
  A polar bear (Lair:1)
  11 dream sheep
  A snapping turtle (Lair:2)
  15 blink frogs
  13 wyverns
  2 dire elephant simulacra (IceCv)
  3 basilisks
  2 wraiths
  A vampire (D:10)
  2 fire bats (Gauntlet)
  49 yaks
  2 death yak simulacra (IceCv)
  3 steam dragons
  Edmund (D:3)
  4 redbacks (Lair:5)
  2 harpy simulacra (IceCv)
  Duvessa (D:4)
  A hydra simulacrum (IceCv)
  A hell hound (Gauntlet)
  An acid dragon (D:10)
  28 water moccasins
  An ice beast (D:6)
  2 sky beasts (D:8)
  17 ogres
  3 black bears
  15 orc warriors
  9 centaurs
  The ghost of Newt the Twirler, an amateur DsGl (D:3)
  16 wolves
  A phantom (D:3)
  3 kobold brigands
  5 bullfrogs
  6 two-headed ogre simulacra
  3 necrophages
  2 scorpions
  6 cane toad simulacra
  A gnoll sergeant (D:9)
  Dowan (D:4)
  2 elephant simulacra
  A rime drake simulacrum (Lair:1)
  A howler monkey (D:5)
  3 hounds
  A water moccasin simulacrum (Lair:1)
  2 gnoll boudas
  8 orc priests
  Crazy Yiuf (D:4)
  2 iguanas
  12 orc wizards
  10 spriggan simulacra
  6 troll simulacra (IceCv)
  2 polar bear simulacra (IceCv)
  3 wolf simulacra (IceCv)
  2 bullfrog simulacra (Lair:1)
  16 gnolls
  10 adders
  8 naga simulacra
  4 shadow imps
  10 white imps
  5 ufetubi (IceCv)
  3 worms (D:3)
  4 dart slugs
  82 orcs
  9 endoplasms
  A giant cockroach (D:2)
  4 goblins
  7 hobgoblins
  4 jackals (D:4)
  A quokka (D:4)
  2 training dummies (D:4)
  11 ball pythons
  4 bats
  2 frilled lizards
  25 kobolds
  5 rats
590 creatures vanquished.

Vanquished Creatures (others)
  Nessos (Lair:4)
  An orc (Orc:2)
  A kobold (D:9)
  A bush (Lair:5)
  30 fungi
  48 plants
82 creatures vanquished.

Grand Total: 672 creatures vanquished

Notes
Turn   | Place    | Note
-------+----------+-------------------------------------------
     0 | D:1      | timneilson the Gargoyle Fighter began the quest for the
                  | Orb.
     0 | D:1      | Reached XP level 1. HP: 14/14 MP: 1/1
   266 | D:1      | Reached XP level 2. HP: 19/19 MP: 2/2
   832 | D:1      | Reached XP level 3. HP: 19/23 MP: 3/3
  1324 | D:2      | Found Yvvibue's Antique Armour Shoppe.
  1570 | D:2      | Reached XP level 4. HP: 25/28 MP: 4/4
  1719 | D:2      | Found a faded altar of an unknown god.
  2153 | D:3      | Reached skill level 1 in Dodging
  2484 | D:3      | Reached XP level 5. HP: 32/32 MP: 5/5
  2745 | D:3      | Found a large runed translucent door.
  2745 | D:3      | Found a large runed translucent door.
  2754 | D:3      | You fall into a shaft and drop 2 floors!
  2754 | D:5      | Entered Level 5 of the Dungeon
  2801 | D:5      | Noticed an ogre
  2807 | D:5      | Killed an ogre
  2808 | D:5      | Reached XP level 6. HP: 38/38 MP: 6/6
  2940 | D:5      | Found a sparkling altar of Nemelex Xobeh.
  2997 | D:5      | Noticed a black bear
  3010 | D:5      | Killed a black bear
  3159 | D:5      | Reached skill level 5 in Armour
  3254 | D:4      | Reached skill level 5 in Shields
  3319 | D:4      | Reached XP level 7. HP: 43/43 MP: 7/7
  3370 | D:4      | Noticed Duvessa
  3370 | D:4      | Noticed Dowan
  3563 | D:3      | Noticed Newt's ghost (amateur DsGl)
  4158 | D:3      | Killed Newt's ghost
  4669 | D:4      | Noticed Edmund
  4717 | D:3      | Killed Edmund
  4718 | D:3      | Reached XP level 8. HP: 26/48 MP: 8/8
  5031 | D:4      | Found an ancient bone altar of Kikubaaqudgha.
  5149 | D:4      | Killed Duvessa
  5165 | D:4      | Killed Dowan
  5327 | D:4      | Found a snail-covered altar of Cheibriados.
  5545 | D:4      | Found a runed translucent door.
  5546 | D:4      | Noticed Crazy Yiuf
  5554 | D:4      | Killed Crazy Yiuf
  5709 | D:5      | Identified the +3 chain mail of the Slightly Bent {Str+5
                  | Int+4}
  6179 | D:6      | Reached skill level 5 in Long Blades
  6345 | D:6      | Reached skill level 5 in Fighting
  6417 | D:6      | Found a bloodstained altar of Trog.
  6501 | D:6      | Reached XP level 9. HP: 54/54 MP: 9/9
  6520 | D:6      | Found an opulent altar of Gozag.
  6930 | D:7      | Found a staircase to the Ecumenical Temple.
  6939 | Temple   | Entered the Ecumenical Temple
  6947 | Temple   | Became a worshipper of Warmaster Okawaru
  7438 | D:7      | Found Qexaguha's Self-Improvement Boutique.
  8168 | D:8      | Noticed a troll
  8375 | D:8      | Reached skill level 1 in Invocations
  8407 | D:8      | Reached skill level 1 in Evocations
  8424 | D:8      | Reached * piety under Okawaru
  8730 | D:8      | Reached XP level 10. HP: 26/60 MP: 9/11
  8762 | D:8      | Reached ** piety under Okawaru
 10559 | D:9      | Noticed a four-headed hydra
 10700 | D:9      | Found a staircase to the Orcish Mines.
 10883 | D:9      | Reached *** piety under Okawaru
 11485 | D:9      | Reached XP level 11. HP: 66/66 MP: 13/13
 11780 | D:9      | Found a staircase to the Lair.
 11917 | D:10     | Entered Level 10 of the Dungeon
 12398 | D:10     | Found a burning altar of Makhleb.
 12709 | D:10     | Found a large runed translucent door.
 12907 | D:10     | Found a large runed translucent door.
 12917 | D:10     | Noticed timneilson's ghost (novice GrFi)
 13267 | D:11     | Noticed a two-headed ogre
 13279 | D:11     | Killed a two-headed ogre
 13522 | D:11     | Noticed a red ugly thing
 13542 | D:11     | Killed a red ugly thing
 13772 | D:11     | Reached **** piety under Okawaru
 13773 | D:11     | Reached skill level 10 in Armour
 14028 | Lair:1   | Entered Level 1 of the Lair of Beasts
 14062 | Lair:1   | Reached skill level 10 in Shields
 14291 | Lair:1   | Found a runed translucent gate.
 14326 | Lair:1   | Reached skill level 5 in Dodging
 14870 | Lair:1   | Found a runed translucent gate.
 14871 | Lair:1   | Found a runed translucent gate.
 15188 | Lair:1   | Found a stormy altar of Qazlal.
 15380 | Lair:1   | Reached XP level 12. HP: 34/72 MP: 15/15
 15385 | Lair:1   | Reached ***** piety under Okawaru
 15411 | Lair:1   | Reached skill level 5 in Invocations
 15696 | Lair:1   | Noticed IdlyInterested's ghost (novice DsGl)
 16093 | Lair:2   | Received a gift from Okawaru
 16106 | Lair:2   | Identified the ring of Enkonose {Fly Stlth+}
 16792 | Lair:2   | Noticed a five-headed hydra
 16886 | Lair:1   | Killed a one-headed hydra
 16973 | Lair:2   | Noticed a six-headed hydra
 16983 | Lair:2   | Killed a one-headed hydra
 17287 | Lair:2   | Found a staircase to the Shoals.
 17459 | Lair:2   | Found a radiant altar of Vehumet.
 18055 | Lair:3   | Noticed a six-headed hydra
 18083 | Lair:3   | Killed a one-headed hydra
 18083 | Lair:3   | Received a gift from Okawaru
 18400 | Lair:3   | Reached skill level 5 in Evocations
 18436 | Lair:3   | Found a hole to the Spider Nest.
 18554 | Lair:3   | Reached XP level 13. HP: 71/79 MP: 17/17
 19066 | Lair:3   | Noticed Sonja
 19068 | Lair:3   | Killed Sonja
 19454 | Lair:1   | Killed IdlyInterested's ghost
 19679 | Lair:4   | Identified the +4 war axe "Soneofou" {speed, rF+ Will++}
 19720 | Lair:4   | Noticed Nessos
 19724 | Lair:4   | Killed Nessos
 20287 | Lair:5   | Entered Level 5 of the Lair of Beasts
 20356 | Lair:5   | Found a gate leading to a gauntlet.
 20383 | Gauntlet | Entered a Gauntlet
 20383 | Gauntlet | Found a transporter.
 20434 | Gauntlet | Noticed a great orb of eyes
 20434 | Gauntlet | a tyrant leech changed into a great orb of eyes
 20442 | Gauntlet | a great orb of eyes changed into something unseen
 20464 | Gauntlet | Found a runed translucent door.
 20466 | Gauntlet | Found a transporter.
 20468 | Gauntlet | Found a runed translucent door.
 20478 | Gauntlet | Found a transporter.
 20482 | Gauntlet | Found a transporter.
 20492 | Gauntlet | Found a transporter.
 20512 | Gauntlet | Found a transporter.
 20516 | Gauntlet | Found a transporter.
 20542 | Gauntlet | Found a transporter.
 20549 | Gauntlet | Found a transporter.
 20550 | Gauntlet | Found a transporter.
 20550 | Gauntlet | Found a transporter.
 20558 | Gauntlet | Found a transporter.
 20647 | Gauntlet | Noticed a quicksilver ooze
 20657 | Gauntlet | Noticed a storm dragon
 20657 | Gauntlet | a quicksilver ooze changed into a storm dragon
 20663 | Gauntlet | Noticed an entropy weaver
 20663 | Gauntlet | a storm dragon changed into an entropy weaver
 20669 | Gauntlet | an entropy weaver changed into a catoblepas
 20671 | Gauntlet | Noticed an ice dragon
 20671 | Gauntlet | an eight-headed hydra changed into an ice dragon
 20677 | Gauntlet | an ice dragon changed into a radroach
 20690 | Gauntlet | Noticed a great orb of eyes
 20690 | Gauntlet | a satyr changed into a great orb of eyes
 20810 | Gauntlet | Identified the +0 cloak of Peek-a-Boo {rElec rN+ Regen+
                  | Int-5}
 20849 | Gauntlet | Reached skill level 10 in Long Blades
 20882 | Gauntlet | Identified the +1 hat "Heseahac" {Drain Fly rN+ Will+}
 20911 | Gauntlet | Noticed a minotaur
 20939 | Gauntlet | Killed a minotaur
 21185 | Lair:5   | Received a gift from Okawaru
 21348 | Lair:5   | Gained mutation: Your large and strong wings let you fly.
                  | [Gargoyle growth]
 21348 | Lair:5   | Reached XP level 14. HP: 86/86 MP: 20/20
 21361 | Lair:5   | Reached skill level 1 in Stealth
 22297 | Lair:5   | Found a staircase to the Slime Pits.
 22671 | Orc:1    | Entered Level 1 of the Orcish Mines
 22755 | Orc:1    | Found a frozen archway.
 22835 | IceCv    | Entered an ice cave
 23346 | IceCv    | Noticed a reaper
 23383 | IceCv    | Identified the +7 double sword of Wyrd {vorpal, Str+4}
                  | (Okawaru gifted it to you in an ice cave)
 23383 | IceCv    | Received a gift from Okawaru
 23411 | IceCv    | Killed a reaper
 23422 | IceCv    | Found the +4 skin of Zhor {*Englaciate rC+++ SInv}
 23764 | Orc:1    | You are sucked into a shaft and drop 1 floor!
 23764 | Orc:2    | Entered Level 2 of the Orcish Mines
 23764 | Orc:2    | Found Nuoj's General Store.
 24299 | Orc:1    | Paralysed by something for 4 turns
 24327 | Orc:1    | Reached skill level 5 in Stealth
 24419 | Orc:2    | Reached XP level 15. HP: 92/92 MP: 22/22
 24440 | Orc:2    | Bought a scroll of fog for 52 gold pieces
 24440 | Orc:2    | Bought a potion of haste for 130 gold pieces
 24504 | Orc:2    | Paralysed by something for 5 turns
 24516 | Orc:1    | HP: 1/92 [two-headed ogre/+0 dire flail (14)]
 24517 | Orc:1    | Slain by a two-headed ogre

Illustrated notes

Levels and vault maps discovered:
D:1:      psy_arrival_fountain, layout_basic, minmay_pentomino_t2
D:2:      layout_basic, nicolae_ecumenical_snake_handling, serial_shops,
          shop_fountains, serial_forest, infiniplex_forest_end_2,
          infiniplex_forest_end_1, infiniplex_forest_corner_2,
          infiniplex_forest_corner_1, infiniplex_forest_side_room,
          infiniplex_forest_lined_room_3, infiniplex_forest_clump_curved,
          infiniplex_forest_straight_2, infiniplex_forest_lined_corner,
          serial_park_tiny_pond
D:3:      layout_basic, ebering_ghost_disaster_area, kennysheep_generic_room_12
D:4:      dreamdust_elfheim, layout_basic, lemuel_round_altar,
          nicolae_kikubaaqudgha_miasma_corner, kennysheep_flooded_box,
          uniq_crazy_yiuf_cottage, uniq_edmund
D:5:      layout_loops_ring, nemelex_xobeh_ov_fountains_minmay
D:6:      layout_gridville, trog_book, mainiacjoe_overflow_catwalk
D:7:      layout_layer_cave, minmay_temple_entry_wispy, nicolae_shop_self_help
D:8:      layout_basic, hangedman_abyss_or_decor_lesser_grid, minivault_19,
          hangedman_decor_slide_cut, grunt_decor_one_mirror, minivault_23
D:9:      layout_loops_ring, erik_lair_dragon, hiddenorc1_lemuel,
          lightli_corner_chamber
D:10:     layout_irregular_city, mainiacjoe_overflow_small_starburst,
          ebering_ghost_disaster_area
D:11:     layout_rooms, nicolae_hexahallways
Temple:   compressed_dpeg_triangle_lava_temple
Lair:1:   layout_cave_pods, gammafunk_ghost_icy, basic_altar, minivault_25,
          lemuel_fruit_fields
Lair:2:   layout_misc_corridors, minmay_shoals_entry_hut, basic_altar
Lair:3:   layout_regular_city, nicolae_spider_entry_orb_guardian, uniq_sonja
Lair:4:   layout_loops_ring, beast_lair_carwin_1, uniq_nessos
Lair:5:   hangedman_lair_tendril_chambers, layout_loops_ring,
          dpeg_slime_entry_enclosed, gauntlet_entry_generic, st_stairs_4
Orc:1:    layout_caves, portal_ice_cave_entry_ice_simulacra,
          nicolae_orc_bridge_out, rock_pile
Orc:2:    st_orc_ogre_mass, layout_caves, serial_shops, shop, uniq_snorg

Skill      XL: |  1  2  3  4  5  6  7  8  9 10 11 12 13 14 |
---------------+-------------------------------------------+-----
Long Blades    | 2 3 4 5 6 7 8 9 10 11 | 11.2
Armour         | 4 5 7 8 9 10 11 12 13 | 13.5
Dodging        | 1 2 3 4 5 6 7 |  7.1
Shields        | 4 5 6 8 9 10 11 12 13 | 13.5
Fighting       | 4 5 6 7 8 9 |  9.9
Invocations    | 2 3 4 6 8 9 |  9.7
Evocations     | 1 3 4 5 6 |  6.8
Stealth        | 5 |  5.4

Action                   |  1- 3 |  4- 6 |  7- 9 | 10-12 | 13-15 || total
-------------------------+-------+-------+-------+-------+-------++-------
Melee: Long sword        |   132 |   173 |   698 |    22 |    67 ||  1092
       Scimitar          |       |       |    61 |  1475 |  1117 ||  2653
       Double sword      |       |       |       |       |   259 ||   259
Invok: Heroism           |       |       |     2 |    19 |    20 ||    41
       Finesse           |       |       |       |       |     7 ||     7
Evoke: Wand              |       |       |       |       |     8 ||     8
       Lightning rod     |       |       |       |       |     2 ||     2
  Use: Scroll            |     5 |     2 |    11 |     7 |     6 ||    31
       Potion            |       |     2 |     4 |     3 |     4 ||    13
Armor: Scale mail        |    78 |    57 |     5 |       |       ||   140
       Chain mail        |       |       |   288 |   554 |   415 ||  1257
       Plate armour      |       |       |       |       |    52 ||    52
Dodge: Dodged            |    59 |    77 |   356 |   500 |   475 ||  1467
Block: Buckler           |    30 |    87 |   512 |   215 |       ||   844
       Reflection        |       |       |     5 |    18 |    23 ||    46
       Kite shield       |       |       |       |   830 |       ||   830
       Tower shield      |       |       |       |   104 |  1705 ||  1809

Table legend: (Time is in decaauts)
 A = Elapsed time spent in this place.
 B = Non-inter-level travel time spent in this place.
 C = Inter-level travel time spent in this place.
 D = Time resting spent in this place.
 E = Time spent auto-exploring this place.
 F = Levels seen in this place.
 G = Mean time per level.
                   A        B        C        D        E       F      G
               +--------+--------+--------+--------+--------+-----+--------+
         Total |  24834 |  24023 |    811 |   1355 |  14464 |  21 | 1182.6 |
       Dungeon |  14466 |  13950 |    516 |    820 |   9375 |  11 | 1315.1 |
        Temple |     16 |      9 |      7 |      0 |      0 |   1 |   16.0 |
          Lair |   7940 |   7678 |    262 |    485 |   4435 |   5 | 1588.0 |
  Orcish Mines |   1006 |    981 |     25 |      0 |    228 |   2 |  503.0 |
      Ice Cave |    814 |    814 |      0 |     50 |    187 |   1 |  814.0 |
      Gauntlet |    589 |    589 |      0 |      0 |    239 |   1 |  589.0 |
               +--------+--------+--------+--------+--------+-----+--------+

Top non-repeatable levels by time:
  Lair:1: 2642 daAuts
     D:8: 2068 daAuts
     D:3: 1978 daAuts
     D:9: 1898 daAuts
  Lair:3: 1702 daAuts
  Lair:5: 1507 daAuts
     D:7: 1412 daAuts
    D:10: 1403 daAuts
  Lair:2: 1322 daAuts
     D:4: 1284 daAuts
     D:1: 1097 daAuts
     D:2: 1001 daAuts
     D:6: 871 daAuts
     D:5: 842 daAuts
   IceCv: 814 daAuts
